 Dungeon Crawl Stone Soup version 0.28.0-53-g5a82cb258f (console) character file.

Game seed: 1001902697544518544

2856 erker the Geomancer (level 9, -1/51 HPs)
             Began as an Octopode Earth Elementalist on July 20, 2022.
             Was an Initiate of Sif Muna.
             Slain by an orc wizard
             ... wielding a +0 dagger
              (2 damage)
             ... on level 6 of the Dungeon.
             The game lasted 00:27:51 (6391 turns).

erker the Geomancer (Octopode Earth Elementalist)   Turns: 6391, Time: 00:27:52

Health: -1/51      AC:  1    Str:  2    XL:     9   Next: 75%
Magic:  24/24      EV: 13    Int: 21    God:    Sif Muna [......]
Gold:   496        SH:  0    Dex: 16    Spells: 9/16 levels left

rFire   . . .      SeeInvis .   a - +0 dagger (pain)
rCold   + . .      Faith    .   (no shield)
rNeg    + . .      Spirit   .   (helmet restricted)
rPois   +          Reflect  .   i - amulet of regeneration
rElec   .          Harm     .   y - ring of protection from cold
rCorr   .          Rampage  .   t - ring "Itrown" {rPois rN+ MP+9 Str-5 Dex+3}
Will    .....                   (no ring)
Stlth   ++........              (no ring)
HPRegen 0.97/turn               (no ring)
MPRegen 0.19/turn               (no ring)
                                (no ring)
                                (no ring)

@: confused
A: almost no armour, amphibious, 8 rings, camouflage 1, gelatinous body 1,
(nimble swimmer 1), tentacles
a: Renounce Religion


You were on level 6 of the Dungeon.
You worshipped Sif Muna.
Sif Muna was noncommittal.
You visited 2 branches of the dungeon, and saw 7 of its levels.

You collected 496 gold pieces.

Inventory:

Hand Weapons
 a - a +0 dagger of pain (weapon)
 w - a +1 vorpal spear
Missiles
 b - 92 stones
 e - 2 poisoned darts
 A - a throwing net
Magical Staves
 C - a staff of cold
 D - a staff of conjuration
Jewellery
 h - a ring of ice
 i - an amulet of regeneration (around mantle)
 t - the ring "Itrown" (right tentacle) {rPois rN+ MP+9 Str-5 Dex+3}
   (You found it on level 4 of the Dungeon)

   [ring of magical power]

   Str:       It affects your strength (-5).
   Dex:       It affects your dexterity (+3).
   rPois:     It protects you from poison.
   rN:        It protects you from negative energy.
   MP:        It affects your magic capacity (+9).
 v - a ring of see invisible
 y - a ring of protection from cold (left tentacle)
Wands
 c - a wand of iceblast (17)
Scrolls
 j - a scroll of summoning {unknown}
 k - 4 scrolls of teleportation {unknown}
 l - 2 scrolls of enchant weapon {unknown}
 n - 2 scrolls of noise {unknown}
 o - 4 scrolls of fog {unknown}
 p - 2 scrolls of fear {unknown}
 x - a scroll of magic mapping {unknown}
 B - a scroll of enchant armour {unknown}
Potions
 d - a potion of ambrosia {unknown}
 f - 2 potions of brilliance {unknown}
 g - 5 potions of curing {unknown}
 m - a potion of degeneration {unknown}
 q - 2 potions of haste {unknown}
 r - a potion of flight {unknown}
 s - a potion of magic {unknown}
 u - 2 potions of heal wounds {unknown}
 z - a potion of lignification {unknown}


   Skills:
 - Level 2.0 Short Blades
 - Level 2.0 Dodging
 - Level 6.0 Stealth
 - Level 4.0 Spellcasting
 - Level 8.0 Transmutations
 + Level 9.2 Earth Magic


You had 9 spell levels left.
You knew the following spells:

 Your Spells              Type           Power      Damage    Failure   Level
a - Sandblast             Erth           86%        2d18      1%          1
p - Petrify               Tmut/Erth      40%        N/A       3%          4
w - Passwall              Tmut/Erth      33%        N/A       1%          2

Your spell library contained the following spells:

 Spells                   Type           Power      Damage    Failure   Level
 Sting                    Tmut/Pois      84%        1d7       2%          1
 Stone Arrow              Conj/Erth      46%        3d9       5%          3
 Pain                     Necr           16%        1d4       12%         1
 Poisonous Vapours        Pois/Air       8%         N/A       19%         2
 Olgreb's Toxic Radiance  Pois           4%         N/A       75%         4
 Agony                    Necr           4%         N/A       97%         5
 Excruciating Wounds      Necr           2%         N/A       97%         5


Dungeon Overview and Level Annotations

Branches:
Dungeon (6/15)             Temple (1/1) D:5

Altars:
Ashenzari
Cheibriados
Dithmenos
Gozag
Hepliaklqana
Kikubaaqudgha
Nemelex Xobeh
Okawaru
Ru
Sif Muna
Uskayaw
Vehumet
Wu Jian
Zin
The Shining One


Innate Abilities, Weirdness & Mutations

You cannot wear most types of armour.
You are amphibious.
You can wear up to eight rings at the same time.
Your skin changes colour to match your surroundings (Stealth+).
Your rubbery body absorbs attacks. (AC +1, EV +1)
((You are camouflaged when in or above water. (Stealth+)))
You have tentacles for arms and can constrict up to eight enemies at once.


Message History

Sif Muna accepts your kill.
No target in view!
You now have 496 gold pieces (gained 10).
Found a leather armour.
You see here a +0 leather armour.
An orc wizard comes into view. It is wielding a +0 dagger.
An orc warrior comes into view. It is wielding a +0 trident.
An orc priest comes into view. It is wielding a +0 flail.
The orc wizard casts a spell.
The orc wizard flickers and vanishes!
Deactivating autopickup; reactivate with Ctrl-A.
Something hits you.
You miss something. Something barely misses you.
You miss something. Something hits you.
You miss something. Something hits you.
You hit something. Your squeeze misses something. Something hits you.
You closely miss something. You squeeze something.
You hear some strange, mumbled words.
A magic dart appears from out of thin air!
The magic dart hits you!
You closely miss something.
You hear some strange, mumbled words.
You are confused.
The orc warrior shouts!
You miss something. You squeeze something.
The orc priest shouts!
Something hits you.
You bump into the rock wall.
Something hits you.
You bump into the rock wall.
Something hits you. The orc warrior closely misses you.
You bump into the rock wall.
Something hits you.
The orc warrior hits you from afar with a +0 trident!
You bump into the rock wall.
Something hits you.
The orc warrior hits you from afar with a +0 trident!
* * * LOW HITPOINT WARNING * * *
You bump into the rock wall.
The orc warrior hits you from afar with a +0 trident!
* * * LOW HITPOINT WARNING * * *
Something hits you.
You die...

#+###.................#
#################[# #.#
#.# #.# #.# #.#
###############.##
....oo{@.........#
##################


You could see an orc warrior and an orc priest.

Vanquished Creatures
  A steam dragon (D:6)
  Duvessa (D:5)
  2 water moccasins
  2 ice beasts
  A necrophage (D:5)
  A black bear (D:6)
  4 ogres
  3 phantoms
  A centaur (D:6)
  A bullfrog (D:6)
  2 gnoll sergeants (D:5)
  2 wyvern zombies (D:6)
  A scorpion (D:6)
  Dowan (D:5)
  3 killer bees (D:6)
  2 vampire bats (D:5)
  A howler monkey (D:5)
  A bullfrog zombie (D:6)
  3 hounds
  A centaur skeleton (D:5)
  A gnoll shaman (D:6)
  4 orc priests
  3 iguanas
  A jelly (D:6)
  2 orc wizards
  A killer bee zombie (D:6)
  12 gnolls
  7 adders
  A howler monkey skeleton (D:6)
  A white imp (D:6)
  2 ufetubi (D:6)
  4 dart slugs
  6 orcs
  4 bat skeletons (D:5)
  3 bat zombies (D:5)
  3 endoplasms
  3 giant cockroaches
  4 goblins
  7 hobgoblins
  2 jackals (D:3)
  2 kobolds
  A quokka (D:2)
  10 ball pythons
  3 bats
  A rat (D:2)
122 creatures vanquished.

Vanquished Creatures (others)
  15 plants
15 creatures vanquished.

Grand Total: 137 creatures vanquished

Notes
Turn   | Place    | Note
-------+----------+-------------------------------------------
     0 | D:1      | erker the Octopode Earth Elementalist began the quest for
                  | the Orb.
     0 | D:1      | Reached XP level 1. HP: 11/11 MP: 3/3
   201 | D:1      | Reached XP level 2. HP: 15/17 MP: 5/5
   354 | D:1      | Found a faded altar of an unknown god.
   513 | D:1      | Learned a level 2 spell: Passwall
   576 | D:1      | Reached skill level 1 in Short Blades
   976 | D:2      | Found a radiant altar of Vehumet.
  1004 | D:2      | Reached XP level 3. HP: 21/21 MP: 6/6
  1705 | D:3      | Found a broken altar of Ashenzari.
  2214 | D:4      | Reached XP level 4. HP: 26/27 MP: 7/7
  2319 | D:5      | Entered Level 5 of the Dungeon
  2362 | D:5      | Noticed a water moccasin
  2365 | D:4      | HP: 1/27 [orc/+0 hand axe (4)]
  2408 | D:4      | Reached skill level 4 in Earth Magic
  2447 | D:4      | Reached XP level 5. HP: 31/31 MP: 5/8
  2517 | D:4      | Noticed an ogre
  2549 | D:4      | Killed an ogre
  2604 | D:4      | Identified the ring "Itrown" {rPois rN+ MP+9 Str-5 Dex+3}
  2869 | D:4      | Found a glowing golden altar of the Shining One.
  2975 | D:4      | Reached XP level 6. HP: 36/36 MP: 9/9
  2990 | D:4      | Learned a level 4 spell: Petrify
  3196 | D:5      | Noticed a necrophage
  3249 | D:5      | Noticed Duvessa
  3249 | D:5      | Noticed Dowan
  3443 | D:5      | Killed Dowan
  3444 | D:5      | Reached skill level 5 in Earth Magic
  3495 | D:5      | Killed Duvessa
  3496 | D:5      | Reached skill level 6 in Earth Magic
  3496 | D:5      | Reached XP level 7. HP: 41/41 MP: 4/10
  3676 | D:5      | Reached skill level 5 in Transmutations
  3728 | D:5      | Identified the +1 robe of Toothy Intercession {Str+3 SInv}
  3742 | D:5      | Found a staircase to the Ecumenical Temple.
  3751 | Temple   | Entered the Ecumenical Temple
  4037 | D:5      | Reached XP level 8. HP: 46/46 MP: 12/12
  4647 | D:5      | Reached skill level 7 in Earth Magic
  4846 | D:5      | Found an ancient bone altar of Kikubaaqudgha.
  4895 | D:5      | Reached skill level 8 in Earth Magic
  5026 | D:6      | Reached XP level 9. HP: 41/51 MP: 15/15
  5610 | D:6      | Found a shimmering blue altar of Sif Muna.
  5653 | D:6      | Became a worshipper of Sif Muna the Loreminder
  5769 | D:6      | Reached skill level 5 in Stealth
  6080 | D:6      | Reached skill level 9 in Earth Magic
  6391 | D:6      | HP: 1/51 [orc warrior/+0 trident (12)]
  6391 | D:6      | Slain by an orc wizard

Illustrated notes

Levels and vault maps discovered:
D:1:      dpeg_arrival_stone_temple_mockup, layout_basic,
          ebering_ecumenical_altar_webs, serial_bayou, serial_bayou_lake_a,
          serial_bayou_crossing, serial_bayou_lagoon_b, serial_bayou_pond_e,
          serial_bayou_pond_b, serial_bayou_pond_a
D:2:      layout_rooms, basic_altar
D:3:      layout_loops_ring, lemuel_tele_altar, serial_bayou_pond_d
D:4:      layout_cave_pools, nicolae_tso_carved_into_rock,
          nicolae_concentric_dashed_squares_mild, chequers_serial_rivers_small_b
D:5:      layout_basic, kennysheep_vampire_church,
          minmay_temple_entry_enclosed_plants, lightli_minifort, uniq_duvessa
D:6:      minmay_polygon_palace, layout_basic, lemuel_blue_sif_altar,
          mainiacjoe_overflow_divided_tiny, nicolae_grassy_gnolls
Temple:   minmay_temple_curvy_loop

Skill      XL: |  1  2  3  4  5  6  7  8  9 |
---------------+----------------------------+-----
Stealth        | 3 4 6 |  6.0
Short Blades   | 1 2 |  2.0
Earth Magic    | 4 6 8 9 |  9.2
Transmutations | 2 4 6 8 |  8.0
Spellcasting   | 4 |  4.0
Dodging        | |  2.0

Action                   |  1- 3 |  4- 6 |  7- 9 || total
-------------------------+-------+-------+-------++-------
Melee: Unarmed           |     5 |       |       ||     5
       Constrict         |    17 |     4 |    31 ||    52
       Tentacles         |    15 |     4 |    56 ||    75
       Dagger            |    60 |    19 |   190 ||   269
       Spear             |       |     1 |       ||     1
       Punch             |       |       |     6 ||     6
 Cast: Sandblast         |    16 |    60 |    54 ||   130
       Passwall          |     1 |     2 |     1 ||     4
       Petrify           |       |       |    30 ||    30
 Stab: Sleeping          |    10 |     4 |     9 ||    23
       Petrified         |       |       |    42 ||    42
       Petrifying        |       |       |     5 ||     5
Armor: Skin              |     2 |     2 |    25 ||    29
Dodge: Dodged            |    35 |    18 |   173 ||   226
